 Dungeon Crawl Stone Soup version 0.28-a0-1159-g27aa881441 (webtiles) character file.

Game seed: 7242731529452485412

83 lonewolfV2 the Skirmisher (level 4, -8/37 HPs)
             Began as a Palentonga Fighter on Dec 15, 2021.
             Killed by nerve-wracking pain
             ... invoked by an orc priest
              (10 damage)
             ... on level 3 of the Dungeon.
             The game lasted 00:03:45 (2570 turns).

lonewolfV2 the Skirmisher (Palentonga Fighter)      Turns: 2570, Time: 00:03:46

Health: -8/37      AC:  7    Str: 21    XL:     4   Next: 22%
Magic:  4/4        EV:  7    Int:  9    God:
Gold:   116        SH:  4    Dex:  9    Spells: 3/3 levels left

rFire   . . .      SeeInvis +   a - +0 war axe
rCold   . . .      Faith    .   c - +0 buckler
rNeg    . . .      Spirit   .   b - +1 scale mail
rPois   .          Reflect  .   (no helmet)
rElec   .          Harm     .   (no cloak)
rCorr   .          Rampage  .   (no gloves)
Will    .....                   (no barding)
Stlth   ..........              (no amulet)
HPRegen 0.12/turn               (no ring)
MPRegen 0.09/turn               (no ring)

@: no status effects
A: large, rugged brown scales 3, see invisible, deformed body, roll 1, armoured
tail
a: Rolling Charge


You were on level 3 of the Dungeon.
You visited 1 branch of the dungeon, and saw 3 of its levels.

You collected 116 gold pieces.

Inventory:

Hand Weapons
 a - a +0 war axe (weapon)
Armour
 b - a +1 scale mail (worn)
 c - a +0 buckler (worn)
Potions
 d - 2 potions of might
 e - a potion of heal wounds
 f - a potion of ambrosia {unknown}
 i - a potion of berserk rage {unknown}


   Skills:
 + Level 3.5 Fighting
 + Level 2.9 Axes
 + Level 2.9 Armour
 + Level 0.7 Dodging
 + Level 2.6 Shields


You had 3 spell levels left.
You didn't know any spells.
Your spell library contained the following spells:

 Spells                   Type           Power      Damage    Failure   Level
 Foxfire                  Conj/Fire      0%         2x1d4     73%         1
 Conjure Flame            Conj/Fire      0%         6-21      97%         3
 Frozen Ramparts          Ice            0%         1d2       97%         3
 Inner Flame              Hex/Fire       0%         N/A       97%         3
 Flame Wave               Conj/Fire      0%         2d4       100%        4
 Ice Form                 Ice/Tmut       0%         N/A       100%        4
 Summon Ice Beast         Ice/Summ       0%         N/A       100%        4


Dungeon Overview and Level Annotations

Branches:
Dungeon (3/15)

Altars:
Xom


Innate Abilities, Weirdness & Mutations

You are completely covered in rugged brown scales. (AC +3, +7% HP)
You have supernaturally acute eyesight. (SInv)
Armour fits poorly on your strangely shaped body.
You can roll at nearby foes to attack.
You have a long armoured tail.


Message History

You slash the orc!
You kill the orc!
The orc priest looks braver for a moment.
The orc hits you but does no damage.
Things that are here:
a +0 hand axe; a +0 chain mail; an orc corpse You completely miss the orc.
The orc priest calls down the wrath of Beogh upon you.
Beogh smites you! You block the orc's attack.
You barely miss the orc.
The orc priest miscasts a cantrip.
The orc hits you but does no damage.
You slash the orc!
You kill the orc!
The orc priest invokes the aid of Beogh against you.
You barely resist.
The orc priest begins to cast a cantrip, but forgets the words!
You see here a +0 morningstar.
You barely miss the orc priest. The orc priest hits you with a +0 club.
You barely miss the orc priest.
Your tail-slap misses the orc priest.
The orc priest hits you but does no damage. x2
You completely miss the orc priest.
The orc priest mumbles some strange prayers to Beogh against you.
Pain shoots through your body!
You closely miss the orc priest.
The orc priest calls down the wrath of Beogh upon you.
Beogh smites you!
* * * LOW HITPOINT WARNING * * *
You slash the orc priest!
The orc priest is severely wounded.
You block the orc priest's attack. The orc priest barely misses you.
You hit the orc priest.
The orc priest is severely wounded.
The orc priest hits you with a +0 club.
* * * LOW HITPOINT WARNING * * *
You barely miss the orc priest.
The orc priest is severely wounded.
The orc priest invokes the aid of Beogh against you.
Pain shoots through your body!
You die...

,*
*,*,,********#.#######.##
# ,* *,*,,* #.# #.# #
,*****,*,,* #.#### #.# #
,,,,,,,,,,* #....## #.# #
,,,,,,,,,,*
######...###.## #
******,******
#.............# #
*,,,,,,* #.####...###..#
*** ******,* #)# ##.##
#..# ,,* *,* #@#
#.####..#### *,* *,* #o#
#.##.....>.. *,** *,* #.#
#....#..#### ,,,* *,* #.#
######..# * *,,* *,*
#.#********#..# * *,,*
*,* #..,,,,,,,,...# *
*,,* *,* ###********#.##
* *,,* *,* ******#.# *
*,,* *,*********,,,,,#.#
*


You could see an orc priest.

Vanquished Creatures
  Natasha (D:2)
  2 dart slugs (D:1)
  2 orcs (D:3)
  3 endoplasms
  4 giant cockroaches
  5 goblins
  4 hobgoblins
  11 kobolds
  2 quokkas
  6 ball pythons
  2 bats (D:1)
  4 frilled lizards
  3 rats
49 creatures vanquished.

Vanquished Creatures (others)
  2 fungi (D:1)
2 creatures vanquished.

Grand Total: 51 creatures vanquished

Notes
Turn   | Place    | Note
-------+----------+-------------------------------------------
     0 | D:1      | lonewolfV2 the Palentonga Fighter began the quest for the
                  | Orb.
     0 | D:1      | Reached XP level 1. HP: 19/19 MP: 1/1
     2 | D:1      | Noticed a merfolk
     2 | D:1      | Noticed an elf
     4 | D:1      | Noticed a minotaur
     6 | D:1      | Noticed a human
     8 | D:1      | Noticed a demonspawn
     8 | D:1      | Noticed a naga
    10 | D:1      | Noticed a spriggan
    12 | D:1      | Noticed a troll
    12 | D:1      | Noticed an ogre
    14 | D:1      | Noticed a vampire
    14 | D:1      | Noticed a vine stalker
    16 | D:1      | Noticed a tengu
    16 | D:1      | Noticed a felid
    18 | D:1      | Noticed a ghoul
    18 | D:1      | Noticed a draconian
    20 | D:1      | Noticed a dwarf
    20 | D:1      | Noticed a formicid
    22 | D:1      | Noticed a demigod
    22 | D:1      | Noticed an octopode
    24 | D:1      | Noticed a gargoyle
    88 | D:1      | Reached XP level 2. HP: 25/25 MP: 2/2
   697 | D:1      | Reached XP level 3. HP: 24/31 MP: 3/3
  1139 | D:1      | Found a faded altar of an unknown god.
  1278 | D:2      | Found a shimmering altar of Xom.
  1768 | D:2      | Noticed Natasha
  1773 | D:2      | Killed Natasha
  1774 | D:2      | Reached XP level 4. HP: 16/37 MP: 4/4
  2570 | D:3      | Killed from afar by an orc priest

Illustrated notes

Levels and vault maps discovered:
D:1:      kb_arrival_jail, layout_basic,
          dreamdust_ecumenical_altar_hidden_monk_grotto
D:2:      layout_basic, basic_altar, patterned_corridor, uniq_natasha
D:3:      layout_loops_ring, amethyst_killhole, minmay_fountain_box,
          hangedman_decor_clover_reticule, uniq_sigmund

Action                   |  1- 3 |  4- 6 || total
-------------------------+-------+-------++-------
Melee: War axe           |    93 |    23 ||   116
       Tailslap          |     9 |     1 ||    10
  Use: Scroll            |     2 |     5 ||     7
Armor: Scale mail        |    60 |    12 ||    72
Dodge: Dodged            |    48 |     5 ||    53
Block: Buckler           |    18 |     4 ||    22

Table legend: (Time is in decaauts)
 A = Elapsed time spent in this place.
 B = Non-inter-level travel time spent in this place.
 C = Inter-level travel time spent in this place.
 D = Time resting spent in this place.
 E = Time spent auto-exploring this place.
 F = Levels seen in this place.
 G = Mean time per level.
                   A        B        C        D        E       F      G
               +--------+--------+--------+--------+--------+-----+--------+
         Total |   2613 |   2461 |    152 |      0 |   1948 |   3 |  871.0 |
       Dungeon |   2613 |   2461 |    152 |      0 |   1948 |   3 |  871.0 |
               +--------+--------+--------+--------+--------+-----+--------+

Top non-repeatable levels by time:
     D:1: 1222 daAuts
     D:2: 1177 daAuts
     D:3: 214 daAuts
